 Dungeon Crawl Stone Soup version 0.16.1-51-g6203257 (webtiles) character file.

77 mossdog the Insei (level 4, -3/57 HPs)
             Began as a Draconian Monk on Aug 8, 2015.
             Slain by a gnoll
             ... wielding a +1 spear of chaos
              (6 damage)
             ... while paralysed by a gnoll
             ... on level 2 of the Dungeon.
             The game lasted 00:06:52 (1878 turns).

mossdog the Insei (Draconian Monk)                  Turns: 1878, Time: 00:06:52

Health: -3/57      AC:  5    Str: 19    XL:     4   Next: 14%
Magic:  4/4        EV:  2    Int: 10    God:
Gold:   69         SH:  0    Dex: 14    Spells: 0 memorised, 3 levels left

rFire  . . .     SeeInvis .     d - +0 hand axe
rCold  . . .     Clarity  .     (armour unavailable)
rNeg   . . .     SustAb   .     m - +0 buckler
rPois  .         Gourm    .     (helmet restricted)
rElec  .         Spirit   .     (no cloak)
rCorr  .         Warding  .     (no gloves)
rMut   .         Stasis   .     (no boots)
MR     .....                    (no amulet)
Stlth  ..........               (no ring)
                                (no ring)

@: paralysed, berserking (expiring), lethally poisoned (-3 -> -7), very slightly
contaminated, hasted, drained, not resistant to hostile enchantments, extremely
unstealthy
A: unfitting armour, cold-blooded, AC +5
a: no special abilities


You were on level 2 of the Dungeon.
You were hungry.

You visited 1 branch of the dungeon, and saw 2 of its levels.

You collected 69 gold pieces.

Inventory:

Hand weapons
 d - a +0 hand axe (weapon)
 q - a +0 club of chaos
 r - a +0 dagger of chaos
Missiles
 f - 20 poisoned needles
 p - 5 curare-tipped needles
Armour
 m - a +0 buckler (worn)
Jewellery
 l - an uncursed amulet of rage {unknown}
Scrolls
 a - 2 scrolls of remove curse {unknown}
 j - a scroll of identify {unknown}
 n - a scroll of fear {unknown}
 o - a scroll of magic mapping {unknown}
Potions
 c - a potion of cure mutation {unknown}
 e - a potion of cancellation {unknown}
Comestibles
 b - 4 bread rations
 g - a meat ration
 h - a chunk of flesh
 i - a beef jerky
 k - 4 fruits


   Skills:
 + Level 3.5(3.2) Fighting
 + Level 0.8(0.4) Axes
 + Level 3.7(3.3) Dodging
 + Level 2.0(1.7) Stealth
 + Level 4.4(4.1) Unarmed Combat


You had 3 spell levels left.
You didn't know any spells.

Dungeon Overview and Level Annotations

Branches:
Dungeon (2/15)

Altars:


Innate Abilities, Weirdness & Mutations

Your plain brown scales are hard (AC +5).
Your body does not fit into most forms of armour.
Your cold-blooded metabolism reacts poorly to cold.


Message History

You suddenly lose the ability to move!
You feel sick. The gnoll hits you but does no damage.
The gnoll hits you but does no damage.
The gnoll hits you from afar with a spear of chaos.
The gnoll freezes you.
The gnoll hits you with a dagger of chaos.
You feel yourself speed up.
You are very lightly contaminated with residual magic.
You are feeling hungry.
The gnoll hits you from afar with a spear of chaos.
You shrug off the repeated paralysis!
The gnoll hits you but does no damage.
You are more poisoned.
You feel sick.
The gnoll hits you from afar with a spear of chaos.
* * * LOW HITPOINT WARNING * * *
You are electrocuted!
* * * LOW HITPOINT WARNING * * *
The gnoll hits you but does no damage.
The gnoll hits you from afar with a spear of chaos.
You die...

##......#
##.....# #
####....# .#.
..#....#
....⌠⌠.#....#
≈.#.##.#.####
≈ ...≈.#.#
.≈...#≈≈#)#
≈≈#≈.≈.≈g@#
.#.#..(g###
#≈###.#
≈....≈. #
..##. .#...#
##.≈ .##


You could see 2 gnolls.

Vanquished Creatures
  Robin (D:1)
  A gnoll (D:2)
  A giant gecko (D:2)
  2 orcs (D:2)
  3 giant cockroaches (D:1)
  13 goblins
  4 hobgoblins
  8 jackals
  3 kobolds (D:1)
  2 quokkas
  5 bats
  A giant newt (D:1)
  4 rats
48 creatures vanquished.

Notes
Turn   | Place    | Note
--------------------------------------------------------------
     0 | D:1      | mossdog, the Draconian Monk, began the quest for the Orb.
     0 | D:1      | Reached XP level 1. HP: 19/19 MP: 1/1
   334 | D:1      | Reached XP level 2. HP: 23/26 MP: 2/2
   888 | D:2      | Noticed Robin
   907 | D:1      | Reached XP level 3. HP: 26/31 MP: 3/3
  1295 | D:1      | Killed Robin
  1871 | D:2      | Reached XP level 4. HP: 38/38 MP: 4/4
  1873 | D:2      | Paralysed by a gnoll for 7 turns
  1878 | D:2      | Slain by a gnoll

Action                   |  1- 3 |  4- 6 || total
-------------------------+-------+-------++-------
Melee: Hand axe          |   150 |     2 ||   152
       Unarmed           |     8 |       ||     8
  Eat: Chunk             |     3 |       ||     3
